 Dungeon Sprint DCSS version 0.30-a0-187-gd9c2deaf24 (webtiles) character file.

Game seed: 18443094475654203631

48 ytrimaz the Fighter (level 6, 0/90 HPs)
             Began as a Demonspawn Berserker on Oct 3, 2022.
             Was an Elder of Trog.
             Slain by a blink frog (7 damage)
             ... in the Dungeon (Sprint VI: "Thunderdome").
             The game lasted 00:02:58 (452 turns).

ytrimaz the Fighter (Demonspawn Berserker)           Turns: 452, Time: 00:02:59

Health: 0/90       AC:  3    Str: 20    XL:     6   Next: 59%
Magic:  6/6        EV: 12    Int:  8    God:    Trog [****..]
Gold:   95         SH:  0    Dex:  7    Spells: 5/5 levels left

rFire   . . .      SeeInvis +    a - +0 hand axe
rCold   + + +      Faith    .    (no shield)
rNeg    . . .      Spirit   .    m - +1 animal skin of Baldness {rC+++ Regen+ Dex-5 SInv}
rPois   .          Reflect  .    (helmet restricted)
rElec   .          Harm     .    (no cloak)
rCorr   .          Rampage  .    (no gloves)
Will    ++...      NoTele   +    (no boots)
Stlth   ..........               (no amulet)
HPRegen 2.15/turn                (no ring)
MPRegen 0.10/turn                (no ring)

@: berserking, strong-willed, regenerating, very quick
A: horns 2, demonic magic 2
a: Renounce Religion, Berserk, Trog's Hand, Brothers in Arms


You were in the Dungeon.
You worshipped Trog.
Trog was greatly pleased with you.
You visited 1 branch You collected 280 gold pieces.
You spent 185 gold pieces at shops.


Innate Abilities, Weirdness & Mutations

You have a pair of horns on your head.
Spells you cast may paralyse nearby enemies.


   Skills:
 + Level 10.3 Fighting
 + Level 9.4 Axes
 - Level 1.7 Armour
 + Level 3.6 Dodging


You had 5 spell levels left.
You didn't know any spells.
Your spell library was empty.

Inventory:

Hand Weapons
 a - a +0 hand axe (weapon)
Armour
 b - a +0 animal skin
 m - the +1 animal skin of Baldness (worn) {rC+++ Regen+ Dex-5 SInv}
   (You bought it in a shop in the Dungeon)

   Dex:       It affects your dexterity (-5).
   rC:        It renders you almost immune to cold.
   SInv:      It lets you see invisible.
   Regen:     It increases your rate of health regeneration.
Wands
 j - a wand of quicksilver (4) (quivered)
   (You found it in the Dungeon)
 k - a wand of iceblast (5)
   (You found it in the Dungeon)
Scrolls
 h - 4 scrolls of blinking
 l - 3 scrolls of butterflies
Potions
 c - a potion of curing
 d - 4 potions of heal wounds
 e - 4 potions of haste
 f - 2 potions of magic
 g - a potion of berserk rage
 i - a potion of resistance

Dungeon Overview and Level Annotations

Branches:
Dungeon (1/1) Zot: 27000

Altars:
Cheibriados
Dithmenos
Fedhas
Gozag
Kikubaaqudgha
Makhleb
Okawaru
Qazlal
Ru
Sif Muna
Trog
Uskayaw
Vehumet
Wu Jian
Xom
Yredelemnul
Lugonu

Shops:
D

*[??*?*:[((!!!!
#_......._# #_......._#
#_......._#
###.........###
#⌠...........⌠#
######.8.........8.#
##.___......###......
###∩...F....8.# #.8....
##.....@F......###......
#⌠....F.....###...###...
#⌠÷...([....# #.<.# #...
#⌠....†.....###...###...
##.............###......
###∩÷.......8.# #.8....
##∩_._......###......
######.8†........8.#
#⌠...........⌠#


You could see 2 blink frogs and a bullfrog.


Message History

A blink frog comes into view.
The blink frog croaks. 😕 HP[+6]
You regained 6 hp, and now have 51/60 hp.
A blink frog is nearby!
Unknown command. 😕 HP[+1]
The blink frog closely misses you. 😕 HP[+1]
You barely miss the blink frog. The blink frog closely misses you.
The blink frog hits you. 😕 HP[-5]
You take 5 damage, and now have 48/60 hp.
You barely miss the blink frog. You headbutt the blink frog.
The blink frog closely misses you.
A bullfrog comes into view. 😕 HP[+1]
The bullfrog gives a loud, deep croak!
You hit the blink frog.
The blink frog blinks! 😕 HP[+1] 😕 HP[+1]
The blink frog blinks! 😕 HP[+1]
A bullfrog comes into view.
The bullfrog croaks. 😕 HP[+1] 😕 HP[+2]
You regained 2 hp, and now have 55/60 hp.
You barely miss the blink frog. The blink frog hits you.
The blink frog misses you. 😕 HP[-1]
You take 1 damage, and now have 54/60 hp.
You hit the blink frog. You barely miss the bullfrog.
The bullfrog hits you but does no damage.
The blink frog closely misses you. The bullfrog hits you. 😕 HP[-5]
You take 5 damage, and now have 49/60 hp.
You miss the blink frog. You hit the bullfrog. You slash the bullfrog!
The bullfrog misses you. The blink frog barely misses you.
The bullfrog closely misses you. The bullfrog hits you. 😕 HP[-1]
You take 1 damage, and now have 48/60 hp.
You hit the bullfrog but do no damage. You hit the bullfrog.
You hit the blink frog. The blink frog hits you. The bullfrog hits you.
The bullfrog misses you. 😮 HP[-6]
You take 6 damage, and now have 42/60 hp.
You are too injured to fight recklessly!
You are too injured to fight recklessly!
You are too injured to fight recklessly!
You are too injured to fight recklessly!
You slash the blink frog! You barely miss the bullfrog. You hit the bullfrog.
The bullfrog completely misses you. The blink frog barely misses you.
The bullfrog misses you.
The bullfrog hits you but does no damage.
A blink frog comes into view.
The blink frog hits you!
* * * LOW HITPOINT WARNING * * *
The blink frog blinks! 😨 HP[-13]
You take 13 damage, and now have 29/60 hp.
MASSIVE DAMAGE!! (PAUSE)
The blink frog gives a loud, deep croak!
You hit the bullfrog. Your headbutt misses the bullfrog. You hit the bullfrog.
The bullfrog hits you.
* * * LOW HITPOINT WARNING * * *
The bullfrog barely misses you.
The bullfrog swells and bulges.
The bullfrog hits you.
* * * LOW HITPOINT WARNING * * *
😨 HP[-3]
You take 3 damage, and now have 26/60 hp.
Unknown command.
You hit the bullfrog.
You kill the bullfrog!
Trog accepts your kill.
You hit the bullfrog. You hit the blink frog. The blink frog barely misses you.
The bullfrog completely misses you.
Your Dodging skill increases to level 3! 😨 HP[+1]
The blink frog blinks!
The blink frog barely misses you. The bullfrog hits you.
* * * LOW HITPOINT WARNING * * *
😨 HP[-4]
You take 4 damage, and now have 23/60 hp.
Your skin crawls.
You feel strong-willed. The bullfrog barely misses you.
The blink frog hits you but does no damage.
The blink frog closely misses you. The bullfrog closely misses you.
The blink frog hits you!
* * * LOW HITPOINT WARNING * * *
😱 HP[-11]
You take 11 damage, and now have 12/60 hp.
Unknown command.
A red film seems to cover your vision as you go berserk!
You feel yourself moving faster!
You feel mighty! The bullfrog closely misses you. The blink frog hits you!
* * * LOW HITPOINT WARNING * * *
The blink frog hits you!
You die...

Skill      XL: |  1  2  3  4  5  6 |
---------------+-------------------+-----
Axes           | 7 8 9 |  9.4
Fighting       | 8 9 10 | 10.3
Dodging        | 3 |  3.6
Armour         | |  1.7

Action                   |  1- 3 |  4- 6 || total
-------------------------+-------+-------++-------
Melee: Hand axe          |    11 |    41 ||    52
       Headbutt          |       |     5 ||     5
Invok: Trog's Hand       |       |     2 ||     2
       Berserk           |       |     1 ||     1
Evoke: Wand              |     1 |       ||     1
Armor: Animal skin       |     6 |     6 ||    12
Dodge: Dodged            |     9 |    38 ||    47

Levels and vault maps discovered:
D:        arena_sprint

Notes
Turn   | Place    | Note
-------+----------+-------------------------------------------
     0 | D        | ytrimaz the Demonspawn Berserker began the quest for the
                  | Orb.
     0 | D        | Reached XP level 1. HP: 18/18 MP: 1/1
     0 | D        | magus.rc [v1.9.6]
     1 | D        | Found an iron altar of Okawaru.
     1 | D        | Found an opulent altar of Gozag.
     2 | D        | Found a hide-covered altar of Uskayaw.
     3 | D        | Found a shadowy altar of Dithmenos.
     3 | D        | Found a snail-covered altar of Cheibriados.
     4 | D        | Found an ancient bone altar of Kikubaaqudgha.
     4 | D        | Found a shimmering blue altar of Sif Muna.
     4 | D        | Found Luqaf's Staff Store.
     4 | D        | Found Weuteine's Magic Scroll Shop.
     5 | D        | Found Tana's Must-Have Magic.
     5 | D        | Found Roanonev's Magic Scroll Shop.
     5 | D        | Round 1.
    37 | D        | Found a bloodstained altar of Trog.
    37 | D        | Found Laces's Jewellery.
    38 | D        | Found Rempyu's Advanced Armour.
    39 | D        | Found an ornate altar of the Wu Jian Council.
    39 | D        | Found a radiant altar of Vehumet.
    39 | D        | Found Citwylen's Identification Station.
    51 | D        | Bought a smouldering animal skin for 185 gold pieces
    51 | D        | Identified the +1 animal skin of Baldness {rC+++ Regen+
                  | Dex-5 SInv} (You bought it in a shop in the Dungeon)
    68 | D        | Reached skill level 3 in Axes
    74 | D        | Noticed Sigmund
    84 | D        | Killed Sigmund
    84 | D        | Reached ** piety under Trog
    85 | D        | Reached skill level 8 in Fighting
    85 | D        | Reached skill level 7 in Axes
    85 | D        | Gained mutation: You have a pair of small horns on your
                  | head. [demonic ancestry]
    85 | D        | Reached XP level 2. HP: 22/32 MP: 2/2
    85 | D        | Gained mutation: Spells you cast may paralyse adjacent
                  | enemies. [demonic ancestry]
    85 | D        | Reached XP level 3. HP: 26/37 MP: 3/3
    85 | D        | Reached XP level 4. HP: 31/44 MP: 4/4
    85 | D        | Gained mutation: You have a pair of horns on your head.
                  | [demonic ancestry]
    85 | D        | Reached XP level 5. HP: 35/49 MP: 5/5
    86 | D        | Found a corrupted altar of Lugonu.
    89 | D        | Found a basalt altar of Yredelemnul.
    91 | D        | Found a blossoming altar of Fedhas.
    92 | D        | Found Rutoriwk's Premium Goods.
    93 | D        | Found Orarr's Miscellaneous Merchandise.
    93 | D        | Found Eclauf's Basic Armour.
    94 | D        | Found a sacrificial altar of Ru.
    94 | D        | Found a shimmering altar of Xom.
    94 | D        | Found Jesoll's Weapon Rack.
   130 | D        | Arena points: 12 (+12) [x2]
   154 | D        | Found a burning altar of Makhleb.
   155 | D        | Found a stormy altar of Qazlal.
   156 | D        | Found Wiwn's Do-It-Yourself Clinic.
   156 | D        | Found Vinnoz's Distillery.
   157 | D        | Found Duiloro's Bottled Wisdom.
   157 | D        | Found Tiegesid's Distillery.
   182 | D        | Round 2.
   188 | D        | Reached *** piety under Trog
   278 | D        | Noticed a water moccasin
   289 | D        | HP: 10/49 [poisoned by a water moccasin]
   290 | D        | Killed a water moccasin
   291 | D        | Reached skill level 9 in Fighting
   291 | D        | Reached skill level 8 in Axes
   291 | D        | Gained mutation: Spells you cast may paralyse nearby
                  | enemies. [demonic ancestry]
   291 | D        | Reached XP level 6. HP: 10/58 MP: 6/6
   294 | D        | HP: 7/58 [poisoned by a water moccasin]
   299 | D        | HP: 12/58 [poisoned by a water moccasin]
   329 | D        | Arena points: 48 (+36) [x3]
   387 | D        | Round 3.
   425 | D        | Reached **** piety under Trog
   426 | D        | Reached skill level 10 in Fighting
   426 | D        | Reached skill level 9 in Axes
   426 | D        | Reached skill level 2 in Dodging
   433 | D        | Noticed a blink frog
   447 | D        | Noticed a blink frog
   450 | D        | Reached skill level 3 in Dodging
   451 | D        | HP: 12/60 [blink frog (13)]
   452 | D        | Slain by a blink frog

Vanquished Creatures
  Sigmund (D)
  A water moccasin (D)
  2 bullfrogs (D)
  An iguana (D)
  A worm (D)
  2 bats (D)
  3 frilled lizards (D)
  A kobold (D)
12 creatures vanquished.

Table legend:
 A = Non-vault XP
 B = Vault XP
 C = Vault XP percentage of total XP
 D = Non-vault monster count
 E = Vault monster count
 F = Vault count percentage of total count
                 A         B        C        D         E       F
            +---------+---------+-------+---------+---------+-------
      Total |     591 |       0 |   0.0 |      12 |       0 |   0.0
            +---------+---------+-------+---------+---------+-------
          D |     591 |       0 |   0.0 |      12 |       0 |   0.0
            +---------+---------+-------+---------+---------+-------

Illustrated notes

Table legend:
 A = Kills in this place as a percentage of kills in entire the game.
 B = Kills by you in this place as a percentage of kills by you in the entire game.
 C = Kills by friends in this place as a percentage of kills by friends in the entire game.
 D = Other kills in this place as a percentage of other kills in the entire game.
 E = Experience gained in this place as a percentage of experience gained in the entire game.
 F = Experience gained in this place divided by the number of levels of this place that you have seen.
                   A       B       C       D       E      F
               +-------+-------+-------+-------+-------+----------------------
         Total | 100.0 | 100.0 |   N/A |   N/A | 100.0 | 591.0
       Dungeon | 100.0 | 100.0 |   N/A |   N/A | 100.0 | 591.0
               +-------+-------+-------+-------+-------+----------------------

Table legend: (Time is in decaauts)
 A = Elapsed time spent in this place.
 B = Non-inter-level travel time spent in this place.
 C = Inter-level travel time spent in this place.
 D = Time resting spent in this place.
 E = Time spent auto-exploring this place.
 F = Levels seen in this place.
 G = Mean time per level.
                   A        B        C        D        E       F      G
               +--------+--------+--------+--------+--------+-----+--------+
         Total |    449 |    447 |      2 |    112 |    109 |   1 |  449.0 |
       Dungeon |    449 |    447 |      2 |    112 |    109 |   1 |  449.0 |
               +--------+--------+--------+--------+--------+-----+--------+

Top non-repeatable levels by time:
       D: 449 daAuts
